 Dungeon Crawl Stone Soup version 0.26-a0-1181-gd376ed14c5 (webtiles) character file.

Game seed: 1918908960472277721

10609 runemasterragnar the Quickloader (level 11, 0/64 (67) HPs)
             Began as a Kobold Hunter on Dec 26, 2020.
             Was a High Priest of Okawaru.
             Slain by an orc warrior
             ... wielding a +0 glaive
              (25 damage)
             ... on level 10 of the Dungeon.
             The game lasted 00:20:49 (15148 turns).

runemasterragnar the Quickloader (Kobold Hunter)   Turns: 15148, Time: 00:20:50

HP:   0/64 (67)     AC:  6    Str: 11    XL:     11   Next: 96%
MP:   13/13         EV: 20    Int: 15    God:    Okawaru [*****.]
Gold: 671           SH:  0    Dex: 17    Spells: 10/10 levels left

rFire    . . .     SeeInvis .   m - +11 dagger of Ludwieq {vorpal, Int+2}
rCold    . . .     Faith    .   (shield restricted)
rNeg     . . .     Spirit   .   c - +0 leather armour
rPois    +         Reflect  .   (helmet restricted)
rElec    .         Harm     .   (no cloak)
rCorr    +         Rampage  .   j - +2 pair of gloves
Will     .....                  (no boots)
Stlth    +++++.....             f - amulet of the acrobat
HPRegen  0.20/turn              g - ring of resist corrosion
MPRegen  0.13/turn              i - ring of poison resistance

@: about to teleport, lightly drained
A: small, antennae 1, low mp 1, nightstalker 3, MP-powered wands
a: Renounce Religion, Heroism, Finesse


You were on level 10 of the Dungeon.
You worshipped Okawaru.
Okawaru was extremely pleased with you.
You visited 2 branches of the dungeon, and saw 11 of its levels.
You also visited: Ossuary.

You collected 876 gold pieces.
You spent 205 gold pieces at shops.

Inventory:

Hand Weapons
 m - the +11 dagger of Ludwieq (weapon) {vorpal, Int+2}
   (You bought it in a shop on level 4 of the Dungeon)

   It inflicts extra damage upon your enemies.
   It affects your intelligence (+2).
 r - a +0 falchion of holy wrath
 H - a +3 scimitar of freezing
 J - a +0 arbalest
Missiles
 d - 162 bolts
 o - 56 poisoned darts (quivered)
Armour
 c - a +0 leather armour (worn)
 j - a +2 pair of gloves (worn)
 s - a +1 helmet
Jewellery
 f - an amulet of the acrobat (around neck)
 g - a ring of resist corrosion (left hand)
 i - a ring of poison resistance (right hand)
Wands
 b - a wand of flame (10)
 q - a wand of random effects (4)
 E - a wand of digging (7)
Scrolls
 e - 2 scrolls of teleportation
 h - 11 scrolls of remove curse
 t - 2 scrolls of vulnerability
 u - 9 scrolls of identify
 v - 2 scrolls of magic mapping
 w - a scroll of blinking {unknown}
 x - a scroll of enchant armour {unknown}
 y - 2 scrolls of amnesia {unknown}
 D - a scroll of immolation {unknown}
 G - a scroll of fear {unknown}
 I - a scroll of torment {unknown}
Potions
 k - 2 potions of magic
 n - 4 potions of curing
 p - 3 potions of brilliance
 z - a potion of might
 A - 2 potions of heal wounds
 B - 2 potions of degeneration
 F - a potion of flight


   Skills:
 + Level 7.5 Fighting
 + Level 8.3 Short Blades
 * Level 10.0 Crossbows
 + Level 5.3 Armour
 + Level 8.4 Dodging
 + Level 9.4 Stealth
 + Level 5.8 Invocations
 + Level 6.3 Evocations


You had 10 spell levels left.
You didn't know any spells.
Your spell library contained the following spells:

 Spells                   Type           Power        Failure   Level
 Confusing Touch          Hex            0%           71%         3
 Gell's Gravitas          Tloc           0%           71%         3
 Petrify                  Tmut/Erth      0%           98%         4
 Metabolic Englaciation   Hex/Ice        0%           100%        5
 Yara's Violent Unravell  Hex/Tmut       0%           100%        5


Dungeon Overview and Level Annotations

Branches:
Dungeon (10/15)            Temple (1/1) D:5            Lair (0/6) D:9
Ossuary (visited)
    Orc: D:9-12

Altars:
Ashenzari
Cheibriados
Dithmenos
Elyvilon
Fedhas
Hepliaklqana
Makhleb
Okawaru
Sif Muna
Trog
Uskayaw
Vehumet
Wu Jian
Xom
Yredelemnul
Zin
The Shining One

Shops:
D:4 (}[(   D:8 (

Annotations:
D:4 2 transporters, gaul's ghost, amateur DEIE
D:6 1 runed translucent door, Crazy Yiuf
D:7 3 runed translucent doors, mojowtm's ghost, novice SpHu


Innate Abilities, Weirdness & Mutations

You are small and have problems with some larger weapons.
You are completely attuned to the shadows.
You have a pair of small antennae on your head.
Your magical capacity is low. (-10% MP)
You expend magic power (3 MP) to strengthen your wands.


Message History

You closely miss the sky beast.
The sky beast is lightly wounded.
There are monsters nearby!
The orc warrior shouts!
You hit the sky beast.
The sky beast is moderately wounded.
The sky beast hits you but does no damage.
You completely miss the sky beast.
The sky beast is moderately wounded.
The centaur warrior shoots an arrow.
The arrow hits you!!
A howler monkey comes into view.
Unknown command.
As you read the scroll of teleportation, it crumbles to dust.
You feel strangely unstable.
The howler monkey howls!
The centaur unwields a +0 shortbow.
The centaur closely misses you.
The centaur warrior shoots an arrow.
The arrow completely misses you. The sky beast completely misses you.
The orc warrior hits you from afar with a +0 glaive!!
You die...

......<...#####............##...
...........###...............#...
...............####..........##..
# #########....# ####........###
# #....#.... ###........#
###########....#... ##........
..)(...........#c.# #........
..))(....#######ZY# #.......
..†(.....#######@c# #+##....
...............#..# #..####.
...............#(o### #....##
......##########..h.. #......
####..##########..... { #..#...
...............#'##########..##..
...............#.............###.
...............#.............# #.
...............#..###############


You could see a centaur warrior, an orc warrior, a sky beast, a centaur, a
howler monkey and an adder skeleton.

Vanquished Creatures
  A two-headed ogre (D:10)
  2 unseen horrors (D:10)
  Pikel (D:5)
  A manticore (D:10)
  2 gargoyles (D:10)
  A komodo dragon (D:9)
  Grinder (D:6)
  Sigmund (D:5)
  2 vampires
  Eustachio (D:5)
  5 yaks
  Menkaure (D:6)
  3 orc warriors
  2 ice beasts
  2 sky beasts
  4 necrophages
  6 ogres
  A phantom (D:10)
  A black bear (D:8)
  3 centaurs
  2 big kobolds (D:10)
  6 bullfrogs
  A scorpion (D:9)
  18 killer bees
  12 wights
  4 howler monkeys
  A bullfrog zombie (D:9)
  A bullfrog skeleton (D:7)
  5 hounds
  5 jellies
  9 orc priests
  12 orc wizards
  3 worker ants
  2 iguanas
  2 killer bee zombies
  A hound skeleton (D:7)
  A hound zombie (D:9)
  9 mummies
  A worker ant zombie (D:10)
  18 gnolls
  15 adders
  2 shadow imps
  5 white imps
  2 oozes (D:3)
  An adder skeleton (D:8)
  2 adder zombies
  3 worms
  A dart slug (D:2)
  4 leopard geckos
  44 orcs
  3 ball pythons
  4 giant cockroaches
  A gnoll zombie (Ossuary)
  6 goblins
  3 hobgoblins
  12 jackals
  3 quokkas
  12 bats
  6 frilled lizards
  5 hobgoblin zombies
  A jackal zombie (D:8)
  15 kobolds
  A kobold zombie (Ossuary)
  3 orc zombies (Ossuary)
  2 quokka skeletons
  A quokka zombie (D:5)
  24 rats
335 creatures vanquished.

Vanquished Creatures (others)
  2 orc wizards
  32 plants (D:9)
  2 withered plants (D:9)
36 creatures vanquished.

Grand Total: 371 creatures vanquished

Notes
Turn   | Place    | Note
-------+----------+-------------------------------------------
     0 | D:1      | runemasterragnar the Kobold Hunter began the quest for the
                  | Orb.
     0 | D:1      | Reached XP level 1. HP: 12/12 MP: 1/1
   150 | D:1      | Reached XP level 2. HP: 17/17 MP: 2/2
   557 | D:1      | Reached skill level 5 in Crossbows
   638 | D:1      | You fall into a shaft and drop 1 floor!
   655 | D:2      | Reached XP level 3. HP: 22/22 MP: 3/3
   669 | D:2      | Reached skill level 1 in Short Blades
   953 | D:2      | Reached XP level 4. HP: 27/27 MP: 4/4
   967 | D:2      | Reached skill level 1 in Armour
  1252 | D:2      | Found a burning altar of Makhleb.
  1621 | D:2      | Reached XP level 5. HP: 32/32 MP: 5/5
  2795 | D:3      | Reached XP level 6. HP: 37/37 MP: 6/6
  3217 | D:3      | Gained mutation: Your magical capacity is low. (-10% MP)
                  | [potion of mutation]
  3217 | D:3      | Gained mutation: You expend magic power (3 MP) to
                  | strengthen your wands. [potion of mutation]
  3217 | D:3      | Gained mutation: You have a pair of small antennae on your
                  | head. [potion of mutation]
  3322 | D:4      | Noticed an ogre
  3515 | D:4      | Found a transporter.
  3518 | D:4      | Noticed gaul's ghost (amateur DEIE)
  3544 | D:4      | Killed an ogre
  3545 | D:4      | Reached XP level 7. HP: 41/41 MP: 6/6
  3768 | D:4      | Reached skill level 6 in Crossbows
  4067 | D:4      | Found Porhaow's Antique Weapon Emporium.
  4158 | D:4      | Found Jojef's Antique Armour Shoppe.
  4209 | D:4      | Found Qudesh's Antique Weapon Emporium.
  4810 | D:4      | Found a transporter.
  4847 | D:4      | Found Adiu's Gadget Emporium.
  5106 | D:5      | Entered Level 5 of the Dungeon
  5114 | D:5      | Reached XP level 8. HP: 48/48 MP: 7/7
  5115 | D:5      | Noticed Sigmund
  5128 | D:5      | Killed Sigmund
  5129 | D:5      | Reached skill level 5 in Dodging
  5129 | D:5      | Reached skill level 5 in Stealth
  5281 | D:5      | Found a staircase to the Ecumenical Temple.
  5287 | Temple   | Entered the Ecumenical Temple
  5426 | Temple   | Became a worshipper of Warmaster Okawaru
  5512 | D:5      | Found a sand-covered staircase.
  5518 | Ossuary  | Entered an ossuary
  5978 | D:5      | Reached skill level 1 in Invocations
  6070 | D:4      | Bought an iridescent dagger for 133 gold pieces
  6070 | D:4      | Identified the +11 dagger of Ludwieq {vorpal, Int+2} (You
                  | bought it in a shop on level 4 of the Dungeon)
  6670 | D:7      | Reached skill level 1 in Evocations
  6682 | D:7      | Reached skill level 5 in Short Blades
  7005 | D:7      | Reached XP level 9. HP: 50/53 MP: 9/9
  7030 | D:7      | Reached * piety under Okawaru
  7058 | D:7      | Reached skill level 5 in Fighting
  7106 | D:7      | Found a shadowy altar of Dithmenos.
  7129 | D:7      | Reached skill level 7 in Crossbows
  7486 | D:7      | Found a runed translucent gate.
  7486 | D:7      | Found a runed translucent gate.
  7486 | D:7      | Found a runed translucent gate.
  7489 | D:7      | Noticed mojowtm's ghost (novice SpHu)
  7824 | D:6      | Found a glowing silver altar of Zin.
  7824 | D:6      | Found a glowing golden altar of the Shining One.
  7825 | D:6      | Found a white marble altar of Elyvilon.
  8250 | D:6      | Noticed Menkaure
  8256 | D:6      | Killed Menkaure
  8256 | D:6      | Noticed Grinder
  8259 | D:6      | Paralysed by something for 4 turns
  8456 | D:6      | Found a runed translucent door.
  8459 | D:6      | Noticed Crazy Yiuf
  8637 | D:6      | Killed Grinder
  8641 | D:6      | Found a hide-covered altar of Uskayaw.
  8813 | D:5      | Noticed Pikel
  8836 | D:5      | Killed Pikel
  8836 | D:5      | Reached ** piety under Okawaru
  8837 | D:5      | Reached XP level 10. HP: 31/60 MP: 8/11
  9317 | D:5      | Found a shimmering blue altar of Sif Muna.
  9324 | D:5      | Found a snail-covered altar of Cheibriados.
  9369 | D:5      | Noticed Eustachio
  9392 | D:5      | Killed Eustachio
  9806 | D:7      | Reached skill level 8 in Crossbows
 10356 | D:7      | Found an ornate altar of the Wu Jian Council.
 10356 | D:7      | Found a hazy altar of Hepliaklqana.
 10679 | D:8      | Reached *** piety under Okawaru
 11874 | D:8      | Found Laicvaqi's Weapon Emporium.
 11879 | D:8      | Bought a +0 arbalest for 72 gold pieces
 11969 | D:9      | Reached skill level 5 in Evocations
 12090 | D:9      | Reached **** piety under Okawaru
 12230 | D:9      | Reached XP level 11. HP: 55/66 MP: 13/13
 12696 | D:9      | Reached skill level 5 in Invocations
 12739 | D:9      | Received a gift from Okawaru
 12922 | D:9      | Reached skill level 9 in Crossbows
 13001 | D:9      | Found a staircase to the Lair.
 13260 | D:10     | Entered Level 10 of the Dungeon
 13334 | D:10     | Reached skill level 5 in Armour
 13757 | D:10     | Received a gift from Okawaru
 13783 | D:10     | Noticed a two-headed ogre
 13798 | D:10     | Killed a two-headed ogre
 13798 | D:10     | Reached ***** piety under Okawaru
 13808 | D:10     | Noticed a manticore
 13813 | D:10     | Killed a manticore
 13813 | D:10     | Received a gift from Okawaru
 13884 | D:10     | Killed an unseen horror
 13979 | D:10     | Killed an unseen horror
 14372 | D:10     | Received a gift from Okawaru
 14793 | D:10     | Reached skill level 10 in Crossbows
 15141 | D:10     | Noticed a centaur warrior
 15148 | D:10     | Slain by an orc warrior

Illustrated notes

Levels and vault maps discovered:
D:1:      erik_arrival_blinker_ship, layout_basic
D:2:      minmay_inner_zag, layout_basic, lemuel_round_altar, minmay_rat_hole
D:3:      layout_rooms, grunt_decor_junction, minmay_ruptured
D:4:      layout_layer_cave, gammafunk_ghost_stat_death, serial_shops,
          nicolae_shop_statue_plus, shop_coins, shop, shop, minmay_quantized
D:5:      layout_gridville, grunt_temple_overflow_open,
          minmay_temple_entry_arrows, nicolae_ossuary_entry_giza, uniq_pikel,
          uniq_eustachio, uniq_sigmund
D:6:      layout_cave_pools, good_gods_temple_1, lemuel_doored_altar,
          uniq_menkaure, uniq_crazy_yiuf_cottage, uniq_grinder
D:7:      layout_basic, nicolae_dithmenos_shadow_blocks,
          gammafunk_temple_overflow_wave, biasface_ghost_orc_armoury, eino_jars
D:8:      layout_rooms, serial_shops, shop
D:9:      layout_irregular_city, david_lair_shrubbed, serial_undead,
          serial_undead_b, serial_undead_c, serial_undead_c, serial_undead_e
D:10:     minmay_quarter_circles, layout_long_grid, minivault_16
Temple:   minmay_temple_forest_path

Skill      XL: |  1  2  3  4  5  6  7  8  9 10 11 |
---------------+----------------------------------+-----
Crossbows      | 5 6 7 8 10 | 10.0
Short Blades   | 1 2 3 4 5 6 7 8 |  8.3
Stealth        | 2 3 4 5 7 8 9 |  9.4
Dodging        | 3 4 5 6 7 8 |  8.4
Armour         | 1 2 3 4 5 |  5.3
Fighting       | 3 4 5 6 7 |  7.5
Invocations    | 1 3 4 5 |  5.8
Evocations     | 1 3 5 6 |  6.3

Action                   |  1- 3 |  4- 6 |  7- 9 | 10-12 || total
-------------------------+-------+-------+-------+-------++-------
Melee: Short sword       |       |    11 |     1 |       ||    12
       Dagger            |       |       |   160 |   398 ||   558
       Scimitar          |       |       |       |     7 ||     7
 Fire: Hand crossbow     |    67 |   173 |   189 |       ||   429
       Arbalest          |       |       |       |    39 ||    39
Throw: Dart              |       |       |     4 |     9 ||    13
Invok: Heroism           |       |       |     2 |     1 ||     3
Evoke: Wand              |       |       |     8 |    19 ||    27
  Use: Scroll            |       |     6 |    10 |     2 ||    18
       Potion            |       |     1 |     7 |     1 ||     9
 Stab: Sleeping          |       |       |    16 |    15 ||    31
       Distracted        |       |       |     1 |     3 ||     4
       Paralysed         |       |       |       |     3 ||     3
Armor: Leather armour    |     8 |    30 |    56 |    49 ||   143
       Skin              |       |       |    19 |       ||    19
Dodge: Dodged            |    31 |   130 |   212 |   369 ||   742

Table legend: (Time is in decaauts)
 A = Elapsed time spent in this place.
 B = Non-inter-level travel time spent in this place.
 C = Inter-level travel time spent in this place.
 D = Time resting spent in this place.
 E = Time spent auto-exploring this place.
 F = Levels seen in this place.
 G = Mean time per level.
                   A        B        C        D        E       F      G
               +--------+--------+--------+--------+--------+-----+--------+
         Total |  15063 |  14564 |    499 |   2776 |   9604 |  12 | 1255.2 |
       Dungeon |  14440 |  13995 |    445 |   2776 |   9177 |  10 | 1444.0 |
        Temple |    193 |    139 |     54 |      0 |    130 |   1 |  193.0 |
       Ossuary |    429 |    429 |      0 |      0 |    297 |   1 |  429.0 |
               +--------+--------+--------+--------+--------+-----+--------+

Top non-repeatable levels by time:
     D:7: 2340 daAuts
     D:4: 1897 daAuts
    D:10: 1831 daAuts
     D:5: 1337 daAuts
     D:2: 1325 daAuts
     D:9: 1304 daAuts
     D:6: 1251 daAuts
     D:3: 1095 daAuts
     D:1: 1054 daAuts
     D:8: 1002 daAuts
 Ossuary: 429 daAuts
  Temple: 193 daAuts
